 Dungeon Crawl Stone Soup version 0.27.1-34-g3ba077fa99 (webtiles) character file.

Game seed: 13904031389318037729

93 pkoi the Ruffian (level 4, -1/38 HPs)
             Began as a Draconian Monk on Jan 11, 2022.
             Slain by a goblin (3 damage)
             ... led by Robin
             ... on level 3 of the Dungeon.
             The game lasted 00:04:00 (3904 turns).

pkoi the Ruffian (Draconian Monk)                   Turns: 3904, Time: 00:04:00

Health: -1/38      AC:  5    Str: 14    XL:     4   Next: 36%
Magic:  4/4        EV: 12    Int: 11    God:
Gold:   67         SH:  0    Dex: 13    Spells: 3/3 levels left

rFire    . . .     SeeInvis .     - Unarmed
rCold    . . .     Faith    .   (no shield)
rNeg     . . .     Spirit   .   (armour unavailable)
rPois    .         Reflect  .   (helmet restricted)
rElec    .         Harm     .   (no cloak)
rCorr    .         Rampage  .   (no gloves)
Will     .....                  (no boots)
Stlth    ++........             (no amulet)
HPRegen  0.12/turn              (no ring)
MPRegen  0.09/turn              (no ring)

@: lethally poisoned (-1 -> -7), about to teleport
A: AC +5, unfitting armour, cold-blooded
a: no special abilities


You were on level 3 of the Dungeon.
You visited 1 branch of the dungeon, and saw 3 of its levels.

You collected 67 gold pieces.

Inventory:

Hand Weapons
 a - a +0 dagger
 m - a +0 dagger
 r - a +1 short sword of freezing
Missiles
 i - 38 poisoned darts (quivered)
Wands
 o - a wand of polymorph (8)
Scrolls
 b - a scroll of noise {unknown}
 f - a scroll of silence {unknown}
 g - a scroll of enchant armour {unknown}
 h - a scroll of magic mapping {unknown}
 j - a scroll of teleportation
 l - 4 scrolls of identify {unknown}
Potions
 c - a potion of attraction {unknown}
 d - a potion of curing {unknown}
 e - 2 potions of mutation {unknown}
 k - a potion of lignification {unknown}
 n - a potion of heal wounds {unknown}
 p - a potion of cancellation {unknown}
 q - 2 potions of degeneration {unknown}
 s - a potion of haste {unknown}


   Skills:
 + Level 3.5 Fighting
 + Level 2.9 Dodging
 - Level 1.7 Stealth
 + Level 4.9 Unarmed Combat


You had 3 spell levels left.
You didn't know any spells.
Your spell library was empty.

Dungeon Overview and Level Annotations

Branches:
Dungeon (3/15)

Altars:

Annotations:
D:3 1 runed translucent door, Crazy Yiuf, Robin, Terence


Innate Abilities, Weirdness & Mutations

Your plain brown scales are hard. (AC +5)
You cannot fit into any form of body armour.
You are cold-blooded and may be slowed by cold attacks.


Message History

The giant cockroach bites you but does no damage.
The goblin hits you with a +0 club.
Robin roars a battlecry!
The goblins go into a battle-frenzy!
The goblin hits you with a +0 club. The giant cockroach misses you.
You are too injured to fight recklessly!
You are too injured to fight recklessly!
You are too injured to fight recklessly!
You are too injured to fight recklessly!
The goblin hits you but does no damage. The goblin barely misses you.
The goblin hits you but does no damage. Robin throws the goblin at you!
The goblin hits you with a +0 club. The goblin hits you with a +0 club.
The goblin closely misses you.
An endoplasm comes into view.
Robin's bangles clink loudly.
Robin throws the goblin at you!
* * * LOW HITPOINT WARNING * * *
You closely miss the goblin.
The endoplasm quivers.
You tail-slap the goblin, but do no damage.
The goblin hits you with a +0 club.
* * * LOW HITPOINT WARNING * * *
The goblin misses you. The goblin hits you with a +0 club.
* * * LOW HITPOINT WARNING * * *
The goblin hits you with a +1 dagger of venom.
* * * LOW HITPOINT WARNING * * *
You are lethally poisoned!
Unknown command.
Unknown command.
As you read the scroll labelled TOWIARCHAUS, it crumbles to dust.
You feel strangely unstable.
It was a scroll of teleportation.
* * * LOW HITPOINT WARNING * * *
You feel sick. The goblin hits you with a +0 club.
* * * LOW HITPOINT WARNING * * *
The goblin hits you but does no damage. The goblin hits you with a +0 club.
* * * LOW HITPOINT WARNING * * *
The goblin hits you but does no damage.
The goblin hits you with a +1 dagger of venom.
You die...

########.......##
##...............#
..............##..
#........ggJ...g.
#...!....g#######
#....$.g..###
#....Bgg....#
#...gggg..#.##
#...g@gg..#..#
#########.##.##
#.##..# #.###.#
#...#.##
###.#..### #
#..#...#####
##.###......
#..#####...


You could see Robin, an endoplasm, a giant cockroach, 2 hobgoblins and 10
goblins.

Vanquished Creatures
  An adder (D:2)
  An adder skeleton (D:2)
  2 dart slugs (D:1)
  An orc (D:3)
  7 bats
  9 endoplasms
  2 giant cockroaches
  6 hobgoblins
  6 jackals
  3 quokkas
  7 ball pythons
  5 frilled lizards
  A goblin (D:2)
  10 kobolds
  6 rats
  A spectral goblin (D:1)
68 creatures vanquished.

Notes
Turn   | Place    | Note
-------+----------+-------------------------------------------
     0 | D:1      | pkoi the Draconian Monk began the quest for the Orb.
     0 | D:1      | Reached XP level 1. HP: 19/19 MP: 1/1
    88 | D:1      | Reached XP level 2. HP: 12/26 MP: 2/2
   492 | D:1      | Reached skill level 4 in Unarmed Combat
   945 | D:1      | Reached XP level 3. HP: 11/31 MP: 3/3
  2084 | D:1      | Found a faded altar of an unknown god.
  2910 | D:2      | Reached XP level 4. HP: 35/38 MP: 4/4
  3561 | D:3      | Noticed Terence
  3664 | D:3      | Found a runed translucent door.
  3665 | D:3      | Noticed Crazy Yiuf
  3891 | D:3      | Noticed Robin
  3904 | D:3      | Slain by a goblin

Illustrated notes

Levels and vault maps discovered:
D:1:      minmay_arrival_solitary_statue, layout_basic,
          dreamdust_ecumenical_altar_drowned_temple
D:2:      layout_basic
D:3:      layout_rooms, nicolae_wu_jian_immortal_techniques, uniq_robin,
          uniq_terence, uniq_crazy_yiuf_cottage

Skill      XL: |  1  2 |
---------------+-------+-----
Unarmed Combat | 4 |  4.9
Fighting       | |  3.5
Dodging        | |  2.9
Stealth        | |  1.7

Action                   |  1- 3 |  4- 6 || total
-------------------------+-------+-------++-------
Melee: Unarmed           |   195 |    40 ||   235
       Tailslap          |    21 |     4 ||    25
       Punch             |     1 |       ||     1
  Use: Scroll            |       |     1 ||     1
 Stab: Sleeping          |     2 |     4 ||     6
Armor: Skin              |    73 |    19 ||    92
Dodge: Dodged            |   143 |    23 ||   166
